 Dungeon Crawl Stone Soup version 0.30.1-11-g7821555f0a (webtiles) character file.

Game seed: 6147484112027127119

1281 lonewolfV2 the Fighter (level 8, -4/68 HPs)
             Began as a Formicid Fighter on Nov 15, 2023.
             Was a Believer of Okawaru.
             Slain by a troll (6 damage)
             ... on level 5 of the Dungeon.
             The game lasted 00:05:54 (5939 turns).

lonewolfV2 the Fighter (Formicid Fighter)           Turns: 5939, Time: 00:05:54

Health: -4/68      AC:  6    Str: 21    XL:     8   Next: 84%
Magic:  8/8        EV:  9    Int:  8    God:    Okawaru [**....]
Gold:   239        SH:  5    Dex: 15    Spells: 7/7 levels left

rFire   . . .        a - +0 war axe
rCold   . . .        c - +0 buckler
rNeg    . . .        b - +0 scale mail
rPois   .            (helmet unavailable)
rElec   .            (no cloak)
rCorr   .            (no gloves)
SInv    +            (no boots)
Will    .....        (no amulet) Stlth
                     m - ring of flight
HPRegen 0.31/turn    (no ring)
MPRegen 0.11/turn

%: clarity
@: flying, invisible
A: permanent stasis, dig shafts and tunnels, antennae 3, four strong arms,
clarity
a: Dig, Shaft Self, Renounce Religion, Heroism


You were on level 5 of the Dungeon.
You worshipped Okawaru.
Okawaru was pleased with you.
You visited 1 branch of the dungeon, and saw 5 of its levels.

You collected 239 gold pieces.

Inventory:

Hand Weapons
 a - a +0 war axe (weapon)
Missiles
 p - a throwing net
Armour
 b - a +0 scale mail (worn)
 c - a +0 buckler (worn)
Jewellery
 m - a ring of flight (left hand)
Wands
 q - a wand of light (7)
 r - a wand of iceblast (9)
Scrolls
 l - a scroll of poison
 n - a scroll of enchant armour {unknown}
 t - 2 scrolls of magic mapping {unknown}
Potions
 d - 2 potions of might
 e - 2 potions of attraction
 f - 2 potions of degeneration
 g - 4 potions of berserk rage
 h - a potion of cancellation
 j - a potion of brilliance
 k - a potion of flight
 o - 3 potions of mutation
 s - a potion of heal wounds {unknown}


   Skills:
 + Level 8.2 Fighting
 + Level 7.6 Axes
 - Level 3.2 Armour
 - Level 4.0 Shields


You had 7 spell levels left.
You didn't know any spells.
Your spell library was empty.

Dungeon Overview and Level Annotations

Branches:
Dungeon (5/15)
 Temple: D:4-7

Altars:
Gozag
Okawaru
Zin

Annotations:
D:5 4 runed translucent doors


Innate Abilities, Weirdness & Mutations

You cannot be hasted, slowed, berserked, paralysed or teleported.
You can dig through walls and to a lower floor.
You have a pair of large antennae on your head. (SInv)
Your four strong arms can wield two-handed weapons with a shield.
You possess an exceptional clarity of mind.


Message History

A troll comes into view.
There are monsters nearby!
You hit the ufetubus but do no damage. The ufetubus hits you.
The ufetubus closely misses you.
You hit the ufetubus but do no damage.
The ufetubus hits you but does no damage.
The ufetubus closely misses you. x2
The ufetubus hits you but does no damage.
You slash the ufetubus!
You kill the ufetubus!
Okawaru accepts your kill.
You slash the troll!
The troll is moderately wounded.
The troll completely misses you. The troll claws you but does no damage.
The troll claws you!
You barely miss the troll.
The troll is moderately wounded.
You block the troll's attack. The troll claws you but does no damage.
The troll closely misses you.
You slash the troll!
The troll is heavily wounded.
You block the troll's attack. The troll claws you. The troll claws you!
The troll bites you. You block the troll's attack.
The troll claws you but does no damage.
You hit the troll but do no damage.
The troll is heavily wounded.
The troll bites you! You block the troll's attack. The troll claws you.
You slash the troll!
The troll is severely wounded.
The troll bites you.
* * * LOW HITPOINT WARNING * * *
The troll claws you!
* * * LOW HITPOINT WARNING * * *
The troll claws you!
* * * LOW HITPOINT WARNING * * *
It was a potion of invisibility.
You fade into invisibility!
The troll bites you but does no damage. You block the troll's attack.
The troll claws you.
You die...

..##8..8#####.##.#.##.#
..#8..{{8# #).#.##.##.#
..#={...{# ######..##.#######
..#?....{# ####..##.......#
..#8....8# !.##.######...#
..##8..8#######..#.#
####...#####
..##++##.†.#.##.#.###..........)
#........#..#(#T#.............##
########.#.####@#.###.#######.#
#.##.†..##.# #.# #.##
#..######..###.# #...
##.............# #...
#############.# #... #.# #...
#.#######... #...........
#####.###...


You could see a troll (unable to see you).

Vanquished Creatures
  A troll (D:5)
  A water moccasin (D:5)
  A black bear (D:5)
  An ogre (D:4)
  2 phantoms
  2 howler monkeys (D:5)
  A hound (D:4)
  2 gnoll boudas (D:5)
  A jelly (D:5)
  2 sleepcaps
  4 iguanas
  Robin (D:2)
  11 gnolls
  6 adders
  An ufetubus (D:5)
  2 dart slugs
  7 orcs
  3 ball pythons
  10 endoplasms
  2 giant cockroaches
  22 goblins
  9 hobgoblins
  2 jackals (D:1)
  7 kobolds
  4 quokkas
  4 bats
  3 frilled lizards
  3 rats
115 creatures vanquished.

Notes
Turn   | Place    | Note
-------+----------+-------------------------------------------
     0 | D:1      | lonewolfV2 the Formicid Fighter began the quest for the
                  | Orb.
     0 | D:1      | Reached XP level 1. HP: 18/18 MP: 1/1
    74 | D:1      | Reached XP level 2. HP: 22/24 MP: 2/2
   318 | D:1      | Found a faded altar of an unknown god.
   322 | D:1      | Reached XP level 3. HP: 30/30 MP: 3/3
   328 | D:1      | Prayed at the altar of an unknown god.
   328 | D:1      | Became a worshipper of Warmaster Okawaru
   328 | D:1      | Reached * piety under Okawaru
   913 | D:2      | Reached XP level 4. HP: 33/37 MP: 4/4
  1034 | D:2      | You fall into a shaft and drop 2 floors!
  1044 | D:4      | Reached skill level 4 in Fighting
  1538 | D:3      | Found an opulent altar of Gozag.
  1538 | D:3      | Found a glowing silver altar of Zin.
  1888 | D:2      | Noticed Robin
  1894 | D:2      | Reached XP level 5. HP: 23/42 MP: 5/5
  1897 | D:2      | Killed Robin
  3032 | D:4      | Noticed an ogre
  3046 | D:4      | Killed an ogre
  3047 | D:4      | Reached skill level 5 in Fighting
  3047 | D:4      | Reached XP level 6. HP: 51/51 MP: 6/6
  3418 | D:4      | Reached skill level 5 in Axes
  3917 | D:5      | Entered Level 5 of the Dungeon
  3922 | D:5      | Reached XP level 7. HP: 46/57 MP: 7/7
  4164 | D:5      | Reached skill level 6 in Fighting
  4278 | D:5      | Found a large runed translucent door.
  4278 | D:5      | Found a large runed translucent door.
  4281 | D:5      | Noticed a yak
  4586 | D:5      | Reached ** piety under Okawaru
  4636 | D:5      | Noticed a troll
  4651 | D:5      | Killed a troll
  4652 | D:5      | Reached skill level 7 in Fighting
  4652 | D:5      | Reached XP level 8. HP: 11/67 MP: 5/8
  5339 | D:4      | HP: 3/67 [phantom (5)]
  5340 | D:4      | Gained mutation: You possess an exceptional clarity of
                  | mind. [potion of mutation]
  5822 | D:5      | Found a large runed translucent door.
  5822 | D:5      | Found a large runed translucent door.
  5830 | D:5      | Reached skill level 8 in Fighting
  5929 | D:5      | Noticed a troll
  5938 | D:5      | HP: 2/68 [troll (10)]
  5939 | D:5      | Slain by a troll

Illustrated notes

Levels and vault maps discovered:
D:1:      arrival_zaba_pyramid, layout_basic, ebering_ecumenical_altar_ruins,
          minmay_circled_x
D:2:      layout_rooms, uniq_robin
D:3:      layout_basic, grunt_temple_overflow_gold_and_silver,
          serial_park_tiny_1
D:4:      layout_loops_cross
D:5:      layout_loops_ring, hangedman_abyss_or_decor_passed,
          minmay_hollow_rounded_squares

Skill      XL: |  1  2  3  4  5  6  7  8 |
---------------+-------------------------+-----
Axes           | 3 4 5 6 7 |  7.6
Fighting       | 4 5 7 8 |  8.2
Armour         | |  3.2
Shields        | |  4.0

Action                     |  1- 3 |  4- 6 |  7- 9 || total
---------------------------+-------+-------+-------++-------
  Melee: War axe           |    73 |   166 |   132 ||   371
 Invoke: Heroism           |       |       |     2 ||     2
    Use: Scroll            |     4 |     8 |       ||    12
         Potion            |       |       |     5 ||     5
 Armour: Scale mail        |    33 |    66 |    46 ||   145
  Dodge: Dodged            |    25 |    71 |    65 ||   161
  Block: Buckler           |    24 |    33 |    29 ||    86
